cohdb
Replays
Latest Replays
All Replays
Popular Replays
Top Player Replays
Match Explorer
How It Works
Community
CoH3 Stats
Reddit
Sign in to upload your games and track your stats! →
Sign in with Steam
Match 42277955
Unlisted
Match 42277955
Overview
Messages
Build Orders
End
Kradschützen Motorcycle Team
Panzergrenadier Squad
Panzergrenadier Squad
250 Light Carrier
Construct Light Support Kompanie
MG34 Team
2.5-tonne Medical Truck
Selects Battlefield Espionage Battlegroup
Selects Intel Disruption Beacon
Panzerjäger Mechanized Group
Fire Support Elements
Selects 250/3 Funkpanzerwagen
Flakvierling Half-track
Selects Anti-Tank Incendiary Munitions
Veteran Squad Leaders
Assault Grenadier Squad
Assault Mechanized Group
Combat Half-tracks
Pak 38 Anti-tank Gun Team
HulkSMASH
⚓️Ruby⚓
Kitsuné
Dumais
0
0
Comments
sign in to comment!
No comments posted yet!